 Dungeon Crawl Stone Soup version 0.31-a0-799-g6bc09d010c (webtiles) character file.

Game seed: 17228337009851614006

53 Shayle the Trooper (level 3, -1/37 HPs)
             Began as an Ogre Hexslinger on Sept 19, 2023.
             Slain by Terence
             ... wielding a +0 short sword
              (2 damage)
             ... on level 2 of the Dungeon.
             The game lasted 00:01:41 (1161 turns).

Shayle the Trooper (Ogre Hexslinger)                Turns: 1161, Time: 00:01:42

Health: -1/37      AC:  3    Str: 12    XL:     3   Next: 89%
Magic:  0/6        EV: 15    Int: 16    God:
Gold:   60         SH:  0    Dex: 11    Spells: 6/6 levels left

rFire   . . .        a - +1 sling
rCold   . . .        (no shield)
rNeg    . . .        c - +0 robe
rPois   .            (helmet restricted)
rElec   .            (no cloak)
rCorr   .            (gloves unavailable)
SInv    .            (boots unavailable)
Will    .....        d - amulet of guardian spirit
Stlth   +            f - +5 ring of evasion
HPRegen 0.26/turn    (no ring)
MPRegen 0.10/turn

%: guardian spirit
@: no status effects
A: large, unfitting armour, tough skin 1
a: no special abilities


You were on level 2 of the Dungeon.
You visited 1 branch of the dungeon, and saw 2 of its levels.

You collected 60 gold pieces.

Inventory:

Hand Weapons
 a - a +1 sling (weapon)
Armour
 c - a +0 robe (worn)
Jewellery
 d - an amulet of guardian spirit (around neck)
 f - a +5 ring of evasion (left hand)
Talismans
 g - a granite talisman
Scrolls
 b - a scroll of poison
 e - 2 scrolls of silence {unknown}
 k - a scroll of teleportation {unknown}
 l - a scroll of identify {unknown}
Potions
 h - a potion of heal wounds {unknown}
 i - a potion of resistance {unknown}
 j - a potion of mutation {unknown}
 m - a potion of cancellation {unknown}


   Skills:
 + Level 3.0 Fighting
 - Level 1.3 Ranged Weapons
 - Level 1.7 Dodging
 + Level 2.4 Spellcasting
 - Level 2.6 Hexes
 - Level 1.4 Fire Magic
 + Level 1.0 Shapeshifting


You had 6 spell levels left.
You didn't know any spells.
Your spell library contained the following spells:

 Spells                   Type           Power      Damage    Failure   Level
 Jinxbite                 Hex            20%        N/A       10%         2
 Sigil of Binding         Hex            10%        N/A       21%         3
 Inner Flame              Hex/Fire       8%         N/A       26%         3
 Volatile Blastmotes      Fire/Tloc      8%         2d10      41%         3
 Cause Fear               Hex            5%         N/A       54%         4
 Dimensional Bullseye     Hex/Tloc       3%         N/A       75%         4
 Fulminant Prism          Conj/Hex       3%         3d5       75%         4
 Iskenderun's Mystic Bla  Conj/Tloc      1%         2d3       89%         4


Dungeon Overview and Level Annotations

Branches:
Dungeon (2/15)

Altars:

Annotations:
D:2 Terence


Innate Abilities, Weirdness & Mutations

You are too large for most types of armour.
You have tough skin. (AC +1)


Message History

Terence is moderately wounded.
Terence barely misses you.
You shoot a sling bullet. The sling bullet hits Terence.
Terence is heavily wounded.
Terence hits you with a +0 short sword.
You shoot a sling bullet. The sling bullet hits Terence.
Terence is severely wounded.
Terence hits you with a +0 short sword. Terence barely misses you.
You shoot a sling bullet. The sling bullet hits Terence.
Terence is almost dead.
Terence closely misses you.
You shoot a sling bullet. The sling bullet hits Terence.
Terence is almost dead.
Terence barely misses you.
You shoot a sling bullet.
The sling bullet hits Terence but does no damage.
Terence is almost dead.
Terence barely misses you. Terence hits you with a +0 short sword.
* * * LOW HITPOINT WARNING * * *
You shoot a sling bullet. The sling bullet barely misses Terence.
Terence hits you with a +0 short sword.
* * * LOW HITPOINT WARNING * * *
You shoot a sling bullet.
The sling bullet hits Terence but does no damage.
Terence is almost dead.
Terence shouts, "Now you die!" Terence hits you with a +0 short sword.
* * * LOW HITPOINT WARNING * * *
You shoot a sling bullet.
The sling bullet hits Terence but does no damage.
Terence is almost dead.
Terence completely misses you. Terence hits you with a +0 short sword.
* * * LOW HITPOINT WARNING * * *
You shoot a sling bullet.
The sling bullet hits Terence but does no damage.
Terence is almost dead.
Terence misses you.
You shoot a sling bullet. The sling bullet barely misses Terence.
Terence hits you with a +0 short sword.
You die...

####..# . .# # ......
. .#. #..# # #.####.#.
####... ..#.#?....
....... ##.....#.#
....... .....>...#
#.##...... #....@..#
......... # #@.#
..#..... #
#.#..#####.. .......
#.#.#.........##.#..##
#.....###........#....
#..#...##.###.........
##...#.##.# ######.###
......##.##.########.#
#####. #.##.#........#
#. #.##†#.######.#


You could see Terence.

Vanquished Creatures
  2 adders (D:2)
  A dart slug (D:1)
  3 bats (D:1)
  2 endoplasms
  A giant cockroach (D:2)
  2 goblins (D:1)
  5 hobgoblins
  5 kobolds (D:1)
  3 ball pythons
  6 frilled lizards
  3 rats (D:1)
33 creatures vanquished.

Notes
Turn   | Place    | Note
-------+----------+-------------------------------------------
     0 | D:1      | Shayle the Ogre Hexslinger began the quest for the Orb.
     0 | D:1      | Reached XP level 1. HP: 19/19 MP: 2/2
    25 | D:1      | Reached skill level 1 in Fire Magic
    56 | D:1      | Reached XP level 2. HP: 19/28 MP: 2/4
   190 | D:1      | Reached skill level 2 in Fighting
   341 | D:1      | Found a faded altar of an unknown god.
   500 | D:1      | Reached XP level 3. HP: 35/36 MP: 6/6
  1066 | D:2      | Reached skill level 1 in Shapeshifting
  1124 | D:2      | Reached skill level 3 in Fighting
  1140 | D:2      | Noticed Terence
  1159 | D:2      | HP: 1/37 [Terence/+0 short sword (5)]
  1161 | D:2      | Slain by Terence

Illustrated notes

Levels and vault maps discovered:
D:1:      dpeg_arrival_simpleton_a, layout_basic,
          hellmonk_ecumenical_altar_defaced_shrine,
          nicolae_houndstooth_variations
D:2:      layout_loops_ring, uniq_terence

Skill      XL: |  1  2  3 |
---------------+----------+-----
Fire Magic     | 1 |  1.4
Fighting       | 2 3 |  3.0
Spellcasting   | 2 |  2.4
Shapeshifting  | 1 |  1.0
Ranged Weapons | |  1.3
Dodging        | |  1.7
Hexes          | |  2.6

Action                     || total
---------------------------++-------
   Fire: Sling             ||   133
 Armour: Robe              ||    62
  Dodge: Dodged            ||    58

Table legend: (Time is in decaauts)
 A = Elapsed time spent in this place.
 B = Non-inter-level travel time spent in this place.
 C = Inter-level travel time spent in this place.
 D = Time resting spent in this place.
 E = Time spent auto-exploring this place.
 F = Levels seen in this place.
 G = Mean time per level.
                   A        B        C        D        E       F      G
               +--------+--------+--------+--------+--------+-----+--------+
         Total |   1204 |   1161 |     43 |      0 |    880 |   2 |  602.0 |
       Dungeon |   1204 |   1161 |     43 |      0 |    880 |   2 |  602.0 |
               +--------+--------+--------+--------+--------+-----+--------+

Top non-repeatable levels by time:
     D:1: 988 daAuts
     D:2: 216 daAuts
